 Dungeon Crawl Stone Soup version 0.30-a0-137-gd8773701ce (webtiles) character file.

Game seed: 13872428542098156932

1352 IdlyInterested the Conjurer (level 8, -8/60 HPs)
             Began as a Demonspawn Wanderer on Sept 22, 2022.
             Mangled by an iguana (9 damage)
             ... on level 6 of the Dungeon.
             The game lasted 00:26:57 (8835 turns).

IdlyInterested the Conjurer (Demonspawn Wanderer)   Turns: 8835, Time: 00:26:57

Health: -8/60      AC:  9    Str: 16    XL:     8   Next: 36%
Magic:  0/15       EV: 11    Int: 13    God:
Gold:   351        SH:  0    Dex: 12    Spells: 14/17 levels left

rFire   . . .      SeeInvis .    t - +3 quarterstaff (chaos)
rCold   . . .      Faith    .    (shield currently unavailable)
rNeg    . . .      Spirit   +    q - +0 scale mail
rPois   .          Reflect  .    r - +1 hat
rElec   .          Harm     .    F - +0 cloak
rCorr   .          Rampage  .    (no gloves)
Will    +....                    (no boots)
Stlth   +.........               (no amulet)
HPRegen 0.20/turn                E - ring of willpower
MPRegen 0.28/turn                (no ring)

@: no status effects
A: demonic guardian 1, magic shield, magic regeneration, sturdy frame 2
a: no special abilities


You were on level 6 of the Dungeon.
You visited 2 branches of the dungeon, and saw 7 of its levels.
You also visited: Sewer.

You collected 351 gold pieces.

Inventory:

Hand Weapons
 l - a +2 vorpal hand axe
 p - a +0 hand axe
 t - a +3 quarterstaff of chaos (weapon)
Missiles
 o - 4 datura-tipped darts
 u - 6 poisoned darts
Armour
 d - a +0 leather armour
 h - a +0 buckler
 k - a +0 ring mail
 n - a +0 robe
 q - a +0 scale mail (worn)
 r - a +1 hat (worn)
 s - a +0 chain mail
 w - a +0 plate armour
 y - a +0 helmet
 F - a +0 cloak (worn)
Jewellery
 i - a ring of ice
 E - a ring of willpower (left hand)
Wands
 B - a wand of flame (14)
Scrolls
 a - a scroll of enchant armour {unknown}
 g - 4 scrolls of identify
 j - 2 scrolls of butterflies
 v - 2 scrolls of fear
 x - 3 scrolls of teleportation
 A - a scroll of summoning {unknown}
 C - 3 scrolls of silence
 D - 3 scrolls of blinking
Potions
 c - 4 potions of brilliance
 e - 2 potions of attraction
 f - a potion of resistance
 m - 4 potions of curing
 z - 3 potions of flight
Miscellaneous
 b - a piece from Xom's chessboard (15/15)


   Skills:
 * Level 3.9 Fighting
 + Level 0.2 Staves
 - Level 1.0 Throwing
 + Level 3.4 Armour
 - Level 1.0 Dodging
 - Level 1.0 Stealth
 - Level 2.6 Unarmed Combat
 - Level 5.0 Spellcasting
 * Level 6.7 Conjurations
 - Level 2.0 Evocations


You had 14 spell levels left.
You knew the following spells:

 Your Spells              Type           Power      Damage    Failure   Level
a - Foxfire               Conj/Fire      48%        2x1d6     8%          1
b - Searing Ray           Conj           40%        2d5       2%          2

Your spell library contained the following spells:

 Spells                   Type           Power      Damage    Failure   Level
 Magic Dart               Conj           80%        1d7       1%          1
 Stone Arrow              Conj/Erth      24%        3d8       22%         3
 Mephitic Cloud           Conj/Pois/Air  9%         N/A       34%         3
 Call Imp                 Summ           3%         N/A       41%         2
 Ensorcelled Hibernation  Hex/Ice        6%         N/A       41%         2
 Fulminant Prism          Conj/Hex       6%         3d7       58%         4
 Spider Form              Tmut/Pois      3%         N/A       65%         3
 Summon Guardian Golem    Hex/Summ       3%         N/A       65%         3
 Tukima's Dance           Hex            3%         N/A       65%         3
 Vampiric Draining        Necr           3%         2d6       65%         3
 Anguish                  Hex/Necr       1%         N/A       96%         4
 Passage of Golubria      Tloc           3%         N/A       96%         4
 Yara's Violent Unravell  Hex/Tmut       1%         3d3       100%        5


Dungeon Overview and Level Annotations

Branches:
Dungeon (6/15)             Temple (1/1) D:4           Sewer (visited)

Altars:
Ashenzari
Cheibriados
Dithmenos
Fedhas
Hepliaklqana
Kikubaaqudgha
Nemelex Xobeh
Ru
Trog
Uskayaw
Wu Jian
Xom


Innate Abilities, Weirdness & Mutations

A weak demonic guardian rushes to your aid.
When hurt, damage is shared between your health and your magic reserves.
You regenerate magic rapidly.
Your movements are less encumbered by armour. (ER -4)


Message History

The iguana bites you!
A demonic guardian appears!
The orc hits you with a +0 hand axe.
The orc priest hits you with a +0 falchion.
You hit the orc priest. You burn the orc priest.
You kill the orc priest!
The hound barely misses you.
Your ufetubus closely misses the iguana.
Your ufetubus barely misses the iguana.
The iguana barely misses you. The orc warrior closely misses you.
The hound misses you.
Unknown command.
Casting: Foxfire (safe; 8% risk of failure)
Confirm with . or Enter, or press ? or * to list all spells.
Aiming: Searing Ray (safe; 2% risk of failure)
Press: ? - help, Shift-Dir - straight line, f - orc warrior
Aim: an orc warrior, wielding a +2 war axe of holy wrath, wearing a +0 plate armour and quivering boomerangs (78% to hit)
The searing ray hits the orc warrior.
The orc warrior is lightly wounded.
The searing ray hits the orc!
You kill the orc! (Press . to maintain the ray.)
Your ufetubus hits the iguana but does no damage.
Your ufetubus barely misses the iguana.
The hound barely misses you. The orc misses you. The iguana barely misses you.
The orc closely misses you. The orc warrior completely misses you.
Your ufetubus barely misses the iguana.
Your ufetubus hits the iguana but does no damage.
The searing ray hits the orc warrior but does no damage.
The orc warrior is lightly wounded.
The hound bites you but does no damage.
Your ufetubus hits the iguana.
Your ufetubus hits the iguana but does no damage.
The orc hits you but does no damage. The iguana bites you.
The orc warrior hits you with a +2 war axe of holy wrath!
You convulse!!
* * * LOW HITPOINT WARNING * * *
The orc barely misses you. The hound bites you but does no damage.
Without enough magic to sustain it, your searing ray dissipates.
Your ufetubus hits the iguana. x2; The hound bites you but does no damage.
The orc hits you with a +0 mace.
* * * LOW HITPOINT WARNING * * *
The iguana bites you!
You die...

...............
...............
...............
...............
...............
.=.............
......ho.......
.....)o@......(
.......ol5.....
...............
...............
...............
...............
...............
...............


You could see an orc warrior, an iguana (ally target), a hound, 2 orcs and a
friendly ufetubus (summoned).

Vanquished Creatures
  Sigmund (D:2)
  The ghost of ThrustWizard the Firebug, an amateur DsFE (D:3)
  A phantom (D:4)
  Blork the orc (D:4)
  2 bullfrogs (Sewer)
  2 scorpions (D:5)
  A jelly (D:6)
  4 orc priests
  Crazy Yiuf (D:5)
  3 iguanas
  7 adders
  An ufetubus (D:5)
  3 worms
  3 dart slugs
  12 orcs
  7 bats
  14 endoplasms
  9 giant cockroaches
  6 goblins
  8 hobgoblins
  4 kobolds
  11 quokkas
  21 ball pythons
  7 frilled lizards
  5 rats
135 creatures vanquished.

Vanquished Creatures (collateral kills)
  Grinder (D:5)
  An ogre (D:4)
2 creatures vanquished.

Vanquished Creatures (others)
  91 foxfires
  19 plants (D:1)
110 creatures vanquished.

Grand Total: 247 creatures vanquished

Notes
Turn   | Place    | Note
-------+----------+-------------------------------------------
     0 | D:1      | IdlyInterested the Demonspawn Wanderer began the quest for
                  | the Orb.
     0 | D:1      | IdlyInterested set off with the following items: a +0 club,
                  | a piece from Xom's chessboard (15/15), a potion of
                  | brilliance, a +0 leather armour, a potion of attraction;
                  | and the following spell memorised: Foxfire; and the
                  | following spells available to memorise: Stone Arrow, Summon
                  | Guardian Golem, Vampiric Draining.
     0 | D:1      | Reached XP level 1. HP: 13/13 MP: 4/4
   669 | D:1      | Reached skill level 1 in Fighting
   749 | D:1      | Gained mutation: You regenerate magic rapidly. [demonic
                  | ancestry]
   749 | D:1      | Reached XP level 2. HP: 21/21 MP: 6/6
  1283 | D:1      | Found a faded altar of an unknown god.
  2012 | D:1      | Learned a level 2 spell: Searing Ray
  2022 | D:2      | Reached skill level 1 in Armour
  2025 | D:2      | Reached skill level 1 in Conjurations
  2025 | D:2      | Reached XP level 3. HP: 11/27 MP: 7/7
  2950 | D:2      | Gained mutation: Your movements are slightly less
                  | encumbered by armour. (ER -2) [demonic ancestry]
  2950 | D:2      | Reached XP level 4. HP: 29/34 MP: 8/8
  3165 | D:2      | Noticed Sigmund
  3178 | D:2      | Killed Sigmund
  3179 | D:2      | Reached skill level 3 in Conjurations
  3179 | D:2      | Gained mutation: Your movements are less encumbered by
                  | armour. (ER -4) [demonic ancestry]
  3179 | D:2      | Reached XP level 5. HP: 20/41 MP: 9/9
  4577 | D:3      | Found a runed translucent gate.
  4577 | D:3      | Found a runed translucent gate.
  4577 | D:3      | Found a runed translucent gate.
  4577 | D:3      | Noticed ThrustWizard's ghost (amateur DsFE)
  4757 | D:3      | Killed ThrustWizard's ghost
  4758 | D:3      | Reached skill level 4 in Conjurations
  4758 | D:3      | Gained mutation: A weak demonic guardian rushes to your
                  | aid. [demonic ancestry]
  4758 | D:3      | Reached XP level 6. HP: 24/47 MP: 5/10
  5107 | D:4      | Found a staircase to the Ecumenical Temple.
  5113 | Temple   | Entered the Ecumenical Temple
  5327 | D:4      | Reached skill level 1 in Dodging
  5535 | D:4      | Reached skill level 1 in Stealth
  5535 | D:4      | Gained mutation: When hurt, damage is shared between your
                  | health and your magic reserves. [demonic ancestry]
  5535 | D:4      | Reached XP level 7. HP: 17/52 MP: 11/13
  5914 | D:4      | Noticed Blork the orc
  5926 | D:4      | Killed Blork the orc
  5927 | D:4      | Reached skill level 5 in Conjurations
  6741 | D:5      | Entered Level 5 of the Dungeon
  6868 | D:5      | Noticed Grinder
  6883 | D:5      | Killed Grinder
  6884 | D:5      | Reached skill level 5 in Spellcasting
  6884 | D:5      | Reached skill level 6 in Conjurations
  6884 | D:5      | Reached XP level 8. HP: 28/58 MP: 10/15
  7051 | D:5      | Found a runed translucent door.
  7223 | D:5      | Found a glowing drain.
  7232 | Sewer    | Entered a sewer
  8483 | D:5      | Noticed Crazy Yiuf
  8491 | D:5      | Killed Crazy Yiuf
  8835 | D:6      | HP: 1/60 [orc/+0 mace (3)]
  8835 | D:6      | Mangled by an iguana

Illustrated notes

Levels and vault maps discovered:
D:1:      grunt_arrival_crossed_arrows, layout_loops_ring,
          shapermc_ecumenical_altar_flowoftime, serial_bayou,
          serial_bayou_lake_a, serial_bayou_shore_a, serial_bayou_pond_d,
          serial_bayou_lagoon_b
D:2:      layout_rooms, serial_aquarium, aquarium_bridge_long_separate
          [aquarium_subvault_balcony, aquarium_subvault_window,
          aquarium_subvault_bridge, aquarium_subvault_bridge,
          aquarium_subvault_bridge, aquarium_subvault_bridge],
          aquarium_bridge_straight [aquarium_subvault_bridge,
          aquarium_subvault_wall, aquarium_subvault_bridge,
          aquarium_subvault_wall], aquarium_window_double,
          aquarium_window_corridor_3, aquarium_window_corner,
          aquarium_window_fake, aquarium_view_2c, aquarium_view_2a,
          aquarium_pool_S, kennysheep_another_room, uniq_sigmund
D:3:      layout_basic, ebering_ghost_rock_garden, grunt_decor_mini_mirrors
D:4:      layout_basic, minmay_temple_entry_enclosed_plants, uniq_blork_the_orc
D:5:      layout_cave_pods, cheibrodos_sewer_entry_bend, uniq_grinder,
          uniq_crazy_yiuf_cottage
D:6:      layout_layer_cave, chequers_serial_rivers_micro_a,
          minmay_misc_feat_diagonals, nicolae_underground_beach
Temple:   hellmonk_temple_forest_ring

Skill      XL: |  1  2  3  4  5  6  7 |
---------------+----------------------+-----
Fighting       | 1 2 3 |  3.9
Armour         | 1 2 3 |  3.4
Conjurations   | 1 3 4 6 |  6.7
Dodging        | 1 |  1.0
Stealth        | 1 |  1.0
Spellcasting   | 4 5 |  5.0
Staves         | |  0.2
Throwing       | |  1.0
Unarmed Combat | |  2.6
Evocations     | |  2.0

Action                   |  1- 3 |  4- 6 |  7- 9 || total
-------------------------+-------+-------+-------++-------
Melee: Club              |    55 |       |       ||    55
       Hand axe          |    62 |    90 |   128 ||   280
       Quarterstaff      |       |       |     6 ||     6
 Cast: Searing Ray       |       |     2 |     3 ||     5
       Foxfire           |       |     6 |    42 ||    48
  Use: Scroll            |       |    11 |     1 ||    12
       Potion            |       |     5 |       ||     5
 Stab: Sleeping          |       |       |     2 ||     2
Armor: Leather armour    |    24 |       |       ||    24
       Scale mail        |    39 |    42 |     5 ||    86
       Ring mail         |     1 |       |    29 ||    30
       Plate armour      |     2 |     3 |       ||     5
Dodge: Dodged            |    71 |    49 |   110 ||   230
Block: Buckler           |    15 |    19 |    21 ||    55

Table legend: (Time is in decaauts)
 A = Elapsed time spent in this place.
 B = Non-inter-level travel time spent in this place.
 C = Inter-level travel time spent in this place.
 D = Time resting spent in this place.
 E = Time spent auto-exploring this place.
 F = Levels seen in this place.
 G = Mean time per level.
                   A        B        C        D        E       F      G
               +--------+--------+--------+--------+--------+-----+--------+
         Total |   9135 |   7985 |   1150 |   2927 |   3168 |   8 | 1141.9 |
       Dungeon |   8103 |   6983 |   1120 |   2564 |   2858 |   6 | 1350.5 |
        Temple |    172 |    142 |     30 |      0 |    131 |   1 |  172.0 |
         Sewer |    858 |    858 |      0 |    363 |    178 |   1 |  858.0 |
               +--------+--------+--------+--------+--------+-----+--------+

Top non-repeatable levels by time:
     D:1: 2365 daAuts
     D:2: 1583 daAuts
     D:4: 1528 daAuts
     D:5: 1346 daAuts
     D:3: 1264 daAuts
   Sewer: 858 daAuts
  Temple: 172 daAuts
     D:6: 14 daAuts
